 Dungeon Crawl Stone Soup version 0.28.0-45-g0d030f2227 (webtiles) character file.

Game seed: 15719125146438272131

4 NinjaNoafa the Stinger (level 1, 9/14 HPs)
             Began as a Draconian Venom Mage on Apr 6, 2022.
             Quit the game on level 1 of the Dungeon.
             The game lasted 00:00:55 (191 turns).

NinjaNoafa the Stinger (Draconian Venom Mage)        Turns: 191, Time: 00:00:56

Health: 9/14       AC:  4    Str: 10    XL:     1   Next: 58%
Magic:  3/3        EV: 12    Int: 15    God:
Gold:   12         SH:  0    Dex: 11    Spells: 3/4 levels left

rFire   . . .      SeeInvis .   (no weapon)
rCold   . . .      Faith    .   (no shield)
rNeg    . . .      Spirit   .   (armour unavailable)
rPois   .          Reflect  .   (helmet restricted)
rElec   .          Harm     .   (no cloak)
rCorr   .          Rampage  .   (no gloves)
Will    .....                   (no boots)
Stlth   ++........              (no amulet)
HPRegen 0.04/turn               (no ring)
MPRegen 0.08/turn               (no ring)

@: no status effects
A: AC +4, unfitting armour, cold-blooded
a: no special abilities


You were on level 1 of the Dungeon.
You visited 1 branch of the dungeon, and saw 1 of its levels.

You collected 12 gold pieces.

You aren't carrying anything.


   Skills:
 + Level 1.8 Dodging
 + Level 1.9 Stealth
 + Level 2.0 Spellcasting
 + Level 1.1 Transmutations
 * Level 3.1 Poison Magic


You had 3 spell levels left.
You knew the following spells:

 Your Spells              Type           Power      Damage    Failure   Level
a - Sting                 Tmut/Pois      28%        1d4       10%         1

Your spell library contained the following spells:

 Spells                   Type           Power      Damage    Failure   Level
 Poisonous Vapours        Pois/Air       12%        N/A       19%         2
 Mephitic Cloud           Conj/Pois/Air  4%         N/A       41%         3
 Olgreb's Toxic Radiance  Pois           10%        N/A       52%         4


Dungeon Overview and Level Annotations

Branches:
Dungeon (1/15)

Altars:


Innate Abilities, Weirdness & Mutations

Your plain brown scales are hard. (AC +4)
You cannot fit into any form of body armour.
You are cold-blooded and may be slowed by cold attacks.


Message History

The hobgoblin closely misses you. The bat hits you but does no damage.
The hobgoblin hits you but does no damage.
Your magical contamination has completely faded away.
The bat misses you. The bat hits you but does no damage.
A rat comes into view.
The bat barely misses you. The bat hits you but does no damage.
The rat twitches its whiskers.
You closely miss the rat. The bat misses you. The bat barely misses you.
The rat bites you but does no damage.
You hit the rat but do no damage. You tail-slap the rat.
You kill the rat!
The bat closely misses you. The bat closely misses you.
The bat hits you but does no damage.
You see here a rat corpse.
You miss the bat.
Your tail-slap misses the bat.
The bat misses you.
You barely miss the bat. Your punch misses the bat.
The bat hits you but does no damage.
You hit the hobgoblin but do no damage. The bat hits you but does no damage. x2
The hobgoblin hits you but does no damage.
You miss the bat.
Your tail-slap misses the bat.
The bat hits you. The bat barely misses you. The hobgoblin hits you.
Casting: Sting (safe; 10% risk of failure)
Confirm with . or Enter, or press ? or * to list all spells.
Aiming: Sting (safe; 10% risk of failure)
Press: ? - help, Shift-Dir - straight line, f/p - hobgoblin
Aim: a hobgoblin (68% to hit)
The sting hits the hobgoblin.
The hobgoblin is poisoned.
The hobgoblin is almost dead.
The bat misses you. The bat barely misses you. The hobgoblin barely misses you.
You hit the bat.
The bat is severely wounded.
The bat barely misses you. The bat closely misses you.
The hobgoblin barely misses you.
You hit the bat.
You kill the bat!
You kill the hobgoblin!
Magic restored.
A goblin comes into view. It is wielding a +0 club.
Are you sure you want to abandon this character and quit the game? (Confirm with "yes".)

#.......#.##........#########
..#.#...#...........#
........####.#'#'####
##....#.####.#.#.#
.............#.#.#
##.#..#.######.#.#
#..#[######.#.#
##g.....††#.#.#
#...####@#.#.# #...# #.#.#.#
#......# #.# ####...# #.#
#...# #.# #.... ..# .....#
### ###.... ..>.##


You could see a goblin (wandering).

Vanquished Creatures
  A bat (D:1)
  An endoplasm (D:1)
  A hobgoblin (D:1)
  A rat (D:1)
4 creatures vanquished.

Notes
Turn   | Place    | Note
-------+----------+-------------------------------------------
     0 | D:1      | NinjaNoafa the Draconian Venom Mage began the quest for the
                  | Orb.
     0 | D:1      | Reached XP level 1. HP: 14/14 MP: 3/3
   191 | D:1      | Quit the game

Illustrated notes

Levels and vault maps discovered:
D:1:      dpeg_arrival_rooms_c, layout_basic, basic_ecumenical_altar

Action                   || total
-------------------------++-------
Melee: Unarmed           ||    11
       Tailslap          ||     2
 Cast: Sting             ||     3
Armor: Skin              ||    11
Dodge: Dodged            ||    21
